[Event "Titled Tuesday Blitz May 4 2021"]
[White "elohunter1999"]
[Black "Kanyamarala, Tarun"]
[BlackFideId "45004714"]
[WhiteElo "2495"]
[BlackElo "2086"]
[Result "1-0"]
[Round "05"]
[TimeControl "180+1"]
[Date "2021.05.04"]
[WhiteClock "0:00:21"]
[BlackClock "0:00:01"]

1. d4 d5 2. c4 c6 3. Nf3 Nf6 4. e3 e6 5. b3 Nbd7 6. Bd3 Bd6 7. Bb2 Ne4 8. O-O f5 9. Nc3 O-O 10. Ne2 g5 11. Ne5 Nxe5 12. dxe5 Bc5 13. Bd4 Bxd4 14. exd4 g4 15. Qc1 Kg7 16. Qf4 Qg5 17. f3 gxf3 18. Rxf3 Qxf4 19. Nxf4 Bd7 20. Bxe4 fxe4 21. Rg3+ Kh8 22. Nh5 Be8 23. Nf6 Bg6 24. Rf1 Rad8 25. c5 Rf7 26. Rf4 Rg8 27. Rh4 Rgg7 28. Kf2 e3+ 29. Kxe3 Bf5 30. Rxg7 Rxg7 31. g4 Bb1 32. a3 Bc2 33. b4 Bg6 34. Kf4 b6 35. Kg5 bxc5 36. bxc5 Rb7 37. Rh3 Rb2 38. a4 Ra2 39. Rb3 Rxa4 40. Kh6 1-0


[Site "https://www.chess.com"]

[Event "Titled Tuesday Blitz May 4 2021"]
[White "katchesskat"]
[Black "Piccoli, Lucas Fonseca"]
[BlackFideId "2190788"]
[WhiteElo "2269"]
[BlackElo "1776"]
[Result "1/2-1/2"]
[Round "05"]
[TimeControl "180+1"]
[Date "2021.05.04"]
[WhiteClock "0:00:12"]
[BlackClock "0:00:04"]

1. c4 Nf6 2. e3 e6 3. a3 d5 4. Qc2 Be7 5. Nf3 O-O 6. b4 a5 7. bxa5 Rxa5 8. Bb2 c5 9. Be2 Nc6 10. O-O d4 11. exd4 cxd4 12. Bd3 Rh5 13. Re1 e5 14. h3 Qc7 15. Qd1 Bd6 16. Qe2 Re8 17. Bc2 e4 18. Nxd4 Ne5 19. Nb5 Nf3+ 20. Qxf3 exf3 21. Rxe8+ Nxe8 22. Nxc7 Nxc7 23. d4 fxg2 24. Kxg2 Rg5+ 25. Kf3 Bxh3 26. Nd2 Bg4+ 27. Ke3 Ne6 28. Ne4 Bf4+ 29. Kd3 Rh5 30. Rg1 Rh3+ 31. Ng3 f5 32. d5 Nc5+ 33. Kd4 Nd7 34. c5 Be5+ 35. Kc4 Bxb2 36. Nxf5 Ne5+ 37. Kb5 Bxf5 38. Bxf5 Rf3 39. Be6+ Kf8 40. d6 Rxf2 41. Rh1 h6 42. Rb1 g5 43. a4 g4 44. a5 g3 45. a6 bxa6+ 46. Kxa6 g2 47. c6 Rf1 48. c7 g1=Q 49. c8=Q+ Kg7 50. Qg8+ Kf6 51. Qxg1 Rxg1 52. Rxg1 Kxe6 53. Rd1 Ba3 54. d7 Nxd7 55. Rh1 Bf8 56. Rf1 Nf6 57. Kb5 h5 58. Kc4 Ke5 59. Kd3 Bh6 60. Ke2 Bf4 61. Kf3 Kf5 62. Kg2 Ng4 63. Kh3 Kg5 64. Rf3 Ne3 65. Rxe3 Bxe3 66. Kg3 h4+ 67. Kh3 Kh5 68. Kh2 Kg4 69. Kh1 Kg3 1/2-1/2


[Site "https://www.chess.com"]

[Event "Titled Tuesday Blitz May 4 2021"]
[White "mattcolins2025"]
[Black "Abdalla, Luiz Guilherme Aurelli"]
[BlackFideId "2111080"]
[WhiteElo "2484"]
[BlackElo "2152"]
[Result "1-0"]
[Round "05"]
[TimeControl "180+1"]
[Date "2021.05.04"]
[WhiteClock "0:00:57"]
[BlackClock "0:00:05"]

1. d4 d5 2. c4 e6 3. Nc3 Nf6 4. cxd5 exd5 5. Bg5 Be7 6. e3 c6 7. Bd3 O-O 8. Nge2 Nbd7 9. O-O Re8 10. f3 Nf8 11. Qc2 g6 12. Rae1 Ne6 13. Bh4 Ng7 14. h3 c5 15. dxc5 Bxc5 16. Bxf6 Bxe3+ 17. Kh1 Qxf6 18. Nxd5 Qh4 19. Nec3 Nf5 20. Bxf5 Bxf5 21. Qa4 Qg3 22. Rxe3 Rxe3 23. Nxe3 Bxh3 24. Ne4 Qh4 25. gxh3 Qxh3+ 26. Kg1 Rd8 27. Qc4 Qh4 28. Nd5 Kg7 29. Qd4+ Kh6 30. Rf2 1-0


[Site "https://www.chess.com"]

[Event "Titled Tuesday Blitz May 4 2021"]
[White "serhanberat_ozdemir"]
[Black "Le, Tuan Minh"]
[BlackFideId "12401153"]
[WhiteElo "2621"]
[BlackElo "2450"]
[Result "1-0"]
[Round "05"]
[TimeControl "180+1"]
[Date "2021.05.04"]
[WhiteClock "0:00:13"]
[BlackClock "0:00:02"]

1. e4 c5 2. Nf3 Nf6 3. Nc3 d5 4. exd5 Nxd5 5. Bc4 Nb6 6. Bb5+ Bd7 7. Qe2 e6 8. O-O Bd6 9. Ne4 Be7 10. d4 cxd4 11. Nxd4 O-O 12. Rd1 Qc8 13. Bf4 a6 14. Bd3 Nd5 15. Bg5 Qd8 16. Qh5 f5 17. Bxe7 Qxe7 18. Ng5 g6 19. Qh4 Nc6 20. Ndxe6 Bxe6 21. Re1 Rf6 22. Bc4 Rd8 23. Rad1 Nc7 24. Nxe6 Rxe6 25. Qxe7 Rxd1 26. Bxe6+ 1-0


[Site "https://www.chess.com"]

[Event "Titled Tuesday Blitz May 4 2021"]
[White "tylityli"]
[Black "Sieciechowicz, Marcin"]
[BlackFideId "1130170"]
[WhiteElo "2330"]
[BlackElo "2288"]
[Result "0-1"]
[Round "05"]
[TimeControl "180+1"]
[Date "2021.05.04"]
[WhiteClock "0:00:05"]
[BlackClock "0:00:14"]

1. d4 Nf6 2. c4 g6 3. Nc3 d5 4. cxd5 Nxd5 5. Bd2 Bg7 6. e4 Nxc3 7. Bxc3 O-O 8. Be2 c5 9. d5 Bxc3+ 10. bxc3 Qd6 11. Nf3 Nd7 12. O-O e5 13. c4 f6 14. Qd2 Kh8 15. h4 f5 16. Ng5 Nf6 17. exf5 gxf5 18. f4 e4 19. Qc3 h6 20. Rad1 Kg7 21. g4 hxg5 22. hxg5 fxg4 23. gxf6+ Qxf6 24. Qe5 Bf5 25. Kg2 Kg6 26. Kg3 Rae8 27. Qxf6+ Kxf6 28. Rh1 Rh8 0-1


[Site "https://www.chess.com"]

[Event "Titled Tuesday Blitz May 4 2021"]
[White "volunteers1998"]
[Black "Batchimeg, Tuvshintugs"]
[BlackFideId "4900839"]
[WhiteElo "2208"]
[BlackElo "2295"]
[Result "1-0"]
[Round "05"]
[TimeControl "180+1"]
[Date "2021.05.04"]
[WhiteClock "0:00:06"]
[BlackClock "0:00:09"]

1. e4 d5 2. exd5 Qxd5 3. Nc3 Qa5 4. Nf3 Nf6 5. Bc4 c6 6. O-O Bf5 7. d4 e6 8. Re1 Be7 9. Nh4 Bg6 10. Nxg6 hxg6 11. Bf4 Nbd7 12. Qd2 Nb6 13. Bb3 Qf5 14. Re5 Qg4 15. Rg5 Qh4 16. Bg3 Qh6 17. Rd1 Nh5 18. Re5 Qxd2 19. Rxd2 Nxg3 20. hxg3 O-O-O 21. Ra5 Kb8 22. a3 Bf6 23. Ne2 Rh7 24. c4 Rdh8 25. f3 Rh1+ 26. Kf2 Rb1 27. c5 Nd5 28. Bxd5 exd5 29. Ra4 Rhh1 30. Nf4 g5 31. Nd3 Rhf1+ 32. Ke3 g4 33. Re2 gxf3 34. gxf3 Rbd1 35. Ne5 Bxe5 36. dxe5 Rfe1 37. Rg4 g6 38. Rf4 d4+ 39. Kf2 Rxe2+ 40. Kxe2 Rb1 41. Rxd4 Rxb2+ 42. Rd2 Kc7 43. Rxb2 1-0


[Site "https://www.chess.com"]

[Event "Titled Tuesday Blitz May 4 2021"]
[White "zmeeed67"]
[Black "Kaufman, Raymond"]
[BlackFideId "2015056"]
[WhiteElo "2559"]
[BlackElo "2321"]
[Result "1-0"]
[Round "05"]
[TimeControl "180+1"]
[Date "2021.05.04"]
[WhiteClock "0:00:33"]
[BlackClock "0:00:32"]

1. d4 Nf6 2. c4 e6 3. Nc3 Bb4 4. f3 c5 5. d5 b5 6. e4 d6 7. Bd2 bxc4 8. Bxc4 O-O 9. Nge2 exd5 10. Nxd5 Bxd2+ 11. Qxd2 Nbd7 12. O-O Ne5 13. Nxf6+ Qxf6 14. Bd5 Rb8 15. Nc3 Be6 16. Rfd1 Rfd8 17. b3 Rb4 18. Qe3 Rd4 19. Nb5 Bxd5 20. Nxd4 cxd4 21. Qxd4 Be6 22. Qxa7 Nxf3+ 23. gxf3 Qxf3 24. Qf2 Qxe4 25. Rd4 Qg6+ 26. Qg3 Qc2 27. Qg2 Qc5 28. Rd1 h5 29. h3 g6 30. Rd2 Qc1+ 31. Kh2 Qe1 32. b4 h4 33. Qf2 Qe5+ 34. Qf4 Rb8 35. Qxe5 dxe5 36. Rd8+ Rxd8 37. Rxd8+ Kg7 38. b5 e4 39. Kg2 e3 40. b6 1-0


[Site "https://www.chess.com"]

[Event "Titled Tuesday Blitz May 4 2021"]
[White "Abdalla, Luiz Guilherme Aurelli"]
[Black "Minaya, Juan"]
[WhiteFideId "2111080"]
[BlackFideId "4400283"]
[WhiteElo "2152"]
[BlackElo "1848"]
[Result "1-0"]
[Round "06"]
[TimeControl "180+1"]
[Date "2021.05.04"]
[WhiteClock "0:01:53"]
[BlackClock "0:00:04"]

1. d4 g6 2. c4 Bg7 3. Nc3 d6 4. e4 Nd7 5. Be2 e5 6. Nf3 Nh6 7. Bg5 f6 8. Bh4 c6 9. O-O Nf7 10. dxe5 dxe5 11. b4 Qe7 12. c5 b5 13. a4 bxa4 14. Rxa4 Nf8 15. Qb3 Ne6 16. Bc4 O-O 17. Rfa1 Nd4 18. Nxd4 exd4 19. Ne2 Qxe4 20. Bg3 Qe7 21. Nxd4 a6 22. Nxc6 Qb7 23. Bd5 1-0


[Site "https://www.chess.com"]

[Event "Titled Tuesday Blitz May 4 2021"]
[White "Abdisalimov, Abdimalik"]
[Black "Saraci, Nderim"]
[WhiteFideId "14206323"]
[BlackFideId "6351921"]
[WhiteElo "2389"]
[BlackElo "2486"]
[Result "1-0"]
[Round "06"]
[TimeControl "180+1"]
[Date "2021.05.04"]
[WhiteClock "0:00:18"]
[BlackClock "0:00:03"]

1. e4 e5 2. Nf3 Nc6 3. Bb5 Nf6 4. O-O Nxe4 5. Re1 Nd6 6. Nxe5 Be7 7. Nxc6 dxc6 8. Bf1 O-O 9. d4 Nf5 10. c3 Be6 11. Nd2 c5 12. dxc5 Bxc5 13. Ne4 Qxd1 14. Rxd1 Bb6 15. Bf4 h6 16. c4 c5 17. a4 a5 18. Nc3 Rac8 19. Nd5 Bd8 20. h3 Re8 21. g4 Nd4 22. Rac1 Bg5 23. Bxg5 hxg5 24. Bd3 Rcd8 25. Ne3 Bd7 26. Ra1 Bc6 27. Bf1 Nf3+ 28. Kh1 Rd2 29. Rxd2 Nxd2+ 30. Bg2 Ne4 31. Kg1 Rd8 32. Rd1 Rd4 33. Rxd4 cxd4 34. Nf5 d3 35. Ne7+ Kf8 36. Nxc6 d2 37. Bf3 bxc6 38. Kf1 Nc5 39. Ke2 Nxa4 40. Kxd2 Nxb2 41. Kc3 Na4+ 42. Kd4 c5+ 43. Kd5 Ke7 44. Kc6 Nb2 45. Kxc5 a4 46. Be4 a3 47. Bb1 Nd3+ 48. Kb6 Nb4 49. c5 a2 50. Bxa2 Nxa2 51. c6 Nb4 52. c7 Nd5+ 53. Kc6 Nxc7 54. Kxc7 Ke6 55. Kc6 Ke5 56. Kd7 Ke4 57. Ke7 Kf3 58. Kxf7 Kxf2 59. Kxg7 Kg3 60. Kg6 Kxh3 61. Kxg5 1-0


[Site "https://www.chess.com"]

[Event "Titled Tuesday Blitz May 4 2021"]
[White "Abdusattorov, Nodirbek"]
[Black "Shyaamnikhil P"]
[WhiteFideId "14204118"]
[BlackFideId "5024218"]
[WhiteElo "2662"]
[BlackElo "2300"]
[Result "0-1"]
[Round "06"]
[TimeControl "180+1"]
[Date "2021.05.04"]
[WhiteClock "0:00:10"]
[BlackClock "0:01:13"]

1. d4 d5 2. Nf3 Nf6 3. Bf4 a6 4. e3 e6 5. c4 dxc4 6. Bxc4 b5 7. Bb3 Bb7 8. O-O Bd6 9. Bg3 Ne4 10. Nc3 Nxg3 11. hxg3 O-O 12. Rc1 Nd7 13. Bc2 g6 14. Be4 c6 15. Nd2 Rc8 16. a3 Qb6 17. b4 a5 18. Qb3 axb4 19. axb4 Nf6 20. Bf3 Nd5 21. Nde4 Bxb4 22. Nxd5 cxd5 23. Nf6+ Kg7 24. Nd7 Qd6 25. Nxf8 Rxf8 26. Be2 Ba3 27. Ra1 b4 28. Rxa3 bxa3 29. Qxb7 Rb8 30. Qa7 Rb2 31. Bd3 Qb4 32. Qc5 Qb3 33. Qc7 Qxd3 34. Qe5+ Kg8 35. Ra1 a2 36. Kh2 Qb3 37. e4 Rb1 38. exd5 Rxa1 39. d6 Rh1+ 40. Kxh1 a1=Q+ 41. Kh2 Qbd1 42. g4 Qaxd4 43. Qf6 Qxf6 0-1


[Site "https://www.chess.com"]

[Event "Titled Tuesday Blitz May 4 2021"]
[White "Acor, Corey"]
[Black "Mamedyarov, Shakhriyar"]
[WhiteFideId "2024861"]
[BlackFideId "13401319"]
[WhiteElo "2752"]
[BlackElo "2716"]
[Result "0-1"]
[Round "06"]
[TimeControl "180+1"]
[Date "2021.05.04"]
[WhiteClock "0:00:03"]
[BlackClock "0:00:22"]

1. e4 d5 2. exd5 Qxd5 3. Nc3 Qa5 4. g3 Nf6 5. Bg2 Nc6 6. h3 Bf5 7. Nf3 e5 8. d3 e4 9. dxe4 Nxe4 10. O-O Nxc3 11. bxc3 Be7 12. Re1 O-O 13. Bb2 Rad8 14. Nd4 Bf6 15. Nxc6 bxc6 16. Qf3 Rb8 17. Ba3 Bxc3 18. Bxf8 Rxf8 19. Rec1 Bxa1 20. Rxa1 Bxc2 21. Qxc6 Ba4 22. Qe4 g6 23. Rc1 c6 24. Qe7 Qd2 25. Rc5 Qxa2 26. Qxa7 Qa1+ 27. Kh2 Qd4 28. Qb6 Rd8 29. Kg1 Kg7 30. Bxc6 Rd6 31. h4 Rf6 0-1


[Site "https://www.chess.com"]

[Event "Titled Tuesday Blitz May 4 2021"]
[White "Aditya Mittal"]
[Black "Vovk, Orest"]
[WhiteFideId "35042025"]
[BlackFideId "14113490"]
[WhiteElo "2171"]
[BlackElo "2203"]
[Result "1-0"]
[Round "06"]
[TimeControl "180+1"]
[Date "2021.05.04"]
[WhiteClock "0:00:09"]
[BlackClock "0:00:02"]

1. d4 Nc6 2. c4 e5 3. d5 Nce7 4. Nc3 Ng6 5. e3 Nf6 6. Bd3 Bb4 7. Ne2 O-O 8. O-O d6 9. a3 Bxc3 10. Nxc3 Ne8 11. f4 f5 12. b4 e4 13. Be2 a5 14. Bb2 axb4 15. axb4 Rxa1 16. Qxa1 Qe7 17. Nb5 Bd7 18. Nd4 Nf6 19. Qa7 Bc8 20. Ra1 Ng4 21. Bxg4 fxg4 22. c5 Qf7 23. Qa2 Nxf4 24. exf4 Qxf4 25. Qb1 Qf2+ 26. Kh1 g3 27. Bc3 gxh2 28. Qe1 Qf4 29. Ne6 Bxe6 30. dxe6 Re8 31. Bd2 Qe5 32. Bc3 Qf4 33. Qf1 Qxf1+ 34. Rxf1 Rxe6 35. Kxh2 dxc5 36. bxc5 Rc6 37. Bd4 b6 38. cxb6 cxb6 39. Rb1 Rd6 40. Bxb6 h6 41. Bc5 Re6 42. Be3 Re7 43. Kg3 g5 44. Kg4 Kg7 45. Kf5 Rf7+ 46. Kxe4 Kg6 47. g4 Re7+ 48. Kf3 Re6 49. Rb5 Rf6+ 50. Kg3 Re6 51. Kf2 Rf6+ 52. Ke2 Re6 53. Kd3 Rd6+ 54. Kc2 Re6 55. Kd3 Rd6+ 56. Ke2 Re6 57. Rd5 Rf6 58. Bd4 Re6+ 59. Kf3 h5 60. gxh5+ Kxh5 61. Be3 Rf6+ 62. Ke4 Re6+ 63. Kf3 Rf6+ 64. Kg3 Rg6 65. Re5 Rg8 66. Re7 Kg6 67. Kg4 Rb8 68. Re6+ Kf7 69. Re4 Rb5 70. Bxg5 Kg6 71. Bf4 Kf6 72. Be3 Ra5 73. Bd4+ Kg6 74. Kf4 Kf7 75. Kf3 Ra3+ 76. Kg4 Ra5 77. Kf4 Kg6 78. Re6+ Kf7 79. Rb6 Ra4 80. Ke5 Ra5+ 81. Ke4 Ra2 82. Kf5 Ra5+ 83. Be5 Ra2 84. Rb7+ Kg8 85. Ke6 Re2 86. Rd7 Re1 87. Kf6 Rf1+ 88. Kg6 Rg1+ 89. Kf5 Rf1+ 90. Ke6 Re1 91. Rg7+ Kf8 92. Rh7 Rg1 93. Rb7 Kg8 94. Rb8+ Kh7 95. Rh8+ Kg6 96. Rg8+ Kh7 97. Rxg1 1-0


[Site "https://www.chess.com"]

[Event "Titled Tuesday Blitz May 4 2021"]
[White "Alavi, Sayed Javad"]
[Black "Svidler, Peter"]
[WhiteFideId "12500607"]
[BlackFideId "4102142"]
[WhiteElo "2495"]
[BlackElo "2754"]
[Result "0-1"]
[Round "06"]
[TimeControl "180+1"]
[Date "2021.05.04"]
[WhiteClock "0:00:20"]
[BlackClock "0:01:31"]

1. Nf3 g6 2. g3 Bg7 3. Bg2 c5 4. O-O d5 5. c3 e5 6. d3 Nc6 7. e4 Nge7 8. Nbd2 O-O 9. Re1 h6 10. exd5 Nxd5 11. Nc4 Re8 12. a4 b6 13. Nfd2 Be6 14. Ne4 Qc7 15. Ned6 Red8 16. Nb5 Qd7 17. Qe2 Rab8 18. Be4 a6 19. Nba3 b5 20. axb5 axb5 21. Ne3 Nf6 22. Bg2 Na5 23. Bf1 Nb3 24. Rb1 e4 25. dxe4 Nxe4 26. Bg2 Ned2 27. Bxd2 Qxd2 28. Bf1 Qxe2 29. Bxe2 b4 30. cxb4 cxb4 31. Nac4 Nd4 32. Bd1 b3 33. Nd2 Nc2 34. Nf3 Nxe1 35. Nxe1 Rd2 0-1


[Site "https://www.chess.com"]

[Event "Titled Tuesday Blitz May 4 2021"]
[White "Alavkin, Arseny"]
[Black "Tristan, Leonardo"]
[WhiteFideId "4120612"]
[BlackFideId "113816"]
[WhiteElo "2416"]
[BlackElo "2404"]
[Result "1-0"]
[Round "06"]
[TimeControl "180+1"]
[Date "2021.05.04"]
[WhiteClock "0:02:04"]
[BlackClock "0:00:50"]

1. c4 e6 2. Nc3 d5 3. d4 a6 4. cxd5 exd5 5. Nf3 Nf6 6. Bg5 Be6 7. e3 Nbd7 8. Bd3 Bd6 9. O-O c6 10. Qc2 Qc7 11. Rab1 h6 12. Bh4 O-O 13. b4 Rfc8 14. a4 b6 15. Rfc1 Qa7 16. Qe2 a5 17. b5 c5 18. e4 Bf4 19. exd5 Nxd5 20. Qe4 Nf8 21. Nxd5 Bxc1 22. Ne7+ Kh8 23. Nxc8 Ba3 24. Nxa7 1-0


[Site "https://www.chess.com"]

[Event "Titled Tuesday Blitz May 4 2021"]
[White "Alboredo, Julia"]
[Black "Tari, Aryan"]
[WhiteFideId "2124807"]
[BlackFideId "1510045"]
[WhiteElo "2041"]
[BlackElo "2656"]
[Result "0-1"]
[Round "06"]
[TimeControl "180+1"]
[Date "2021.05.04"]
[WhiteClock "0:00:11"]
[BlackClock "0:00:38"]

1. e4 c6 2. d4 d5 3. e5 Bf5 4. h4 c5 5. g4 Bd7 6. dxc5 Nc6 7. Bf4 e6 8. Nc3 Bxc5 9. Nf3 Qb6 10. Qd2 Qxb2 11. Rb1 Qa3 12. Rxb7 Bb4 13. Rxb4 Nxb4 14. Bg2 Rc8 15. Nb1 Nxc2+ 16. Qxc2 Qb4+ 17. Bd2 Qxg4 18. Qxc8+ Bxc8 19. Kf1 Ba6+ 20. Kg1 Nh6 21. Kh2 Be2 22. Bxh6 Bxf3 23. Bxf3 Qxf3 24. Be3 d4 25. Nd2 Qe2 26. Bf4 Qxf2+ 27. Kh3 Qxf4 0-1


[Site "https://www.chess.com"]

[Event "Titled Tuesday Blitz May 4 2021"]
[White "Albuquerque Junior,Wellington S."]
[Black "maxsergej"]
[WhiteFideId "2151480"]
[WhiteElo "2042"]
[BlackElo "2046"]
[Result "1-0"]
[Round "06"]
[TimeControl "180+1"]
[Date "2021.05.04"]
[WhiteClock "0:02:03"]
[BlackClock "0:01:40"]

1. c4 Nf6 2. g3 c6 3. Bg2 d5 4. Nf3 g6 5. b3 Bg7 6. Bb2 O-O 7. O-O b6 8. d4 Bb7 9. e3 Ne4 10. Nfd2 Nxd2 11. Nxd2 e6 12. e4 dxc4 13. Nxc4 Qc7 14. e5 Rd8 15. Nd6 Rxd6 16. exd6 Qxd6 17. Qd2 Nd7 18. Rfd1 a5 19. Rac1 Rc8 20. h4 h5 21. Rc2 c5 22. Bxb7 1-0


[Site "https://www.chess.com"]

[Event "Titled Tuesday Blitz May 4 2021"]
[White "AldokhinIvan"]
[Black "Brahami, Lamine"]
[BlackFideId "7905637"]
[WhiteElo "2539"]
[BlackElo "1909"]
[Result "1-0"]
[Round "06"]
[TimeControl "180+1"]
[Date "2021.05.04"]
[WhiteClock "0:00:07"]
[BlackClock "0:00:23"]

1. e4 c5 2. Nf3 d6 3. d4 cxd4 4. Nxd4 Nf6 5. Nc3 a6 6. Bc4 e6 7. Bb3 Be7 8. Qe2 O-O 9. Be3 Nbd7 10. g4 Nc5 11. g5 Nfxe4 12. Nxe4 Nxe4 13. h4 a5 14. c3 d5 15. a4 e5 16. Nb5 Be6 17. Rg1 Nd6 18. O-O-O Nxb5 19. Qxb5 Qc7 20. Bxd5 Bf5 21. Qxb7 Qxb7 22. Bxb7 Rab8 23. Bd5 Rfc8 24. Ba7 Bc5 25. Bxb8 Rxb8 26. Rge1 Bxf2 27. Rxe5 Bg6 28. Be4 Bxh4 29. Bxg6 hxg6 30. Rxa5 Bg3 31. Rad5 Bf4+ 32. Kc2 Ra8 33. R1d4 Be3 34. Rd8+ Rxd8 35. Rxd8+ Kh7 36. Rd5 Bf4 37. a5 Bb8 38. a6 Ba7 39. b4 Be3 40. c4 Ba7 41. c5 Bb8 42. b5 Ba7 43. b6 Bb8 44. a7 Bf4 45. a8=Q Bxg5 46. Rxg5 f6 47. Rg1 g5 48. Qe4+ g6 49. b7 Kg7 50. b8=Q Kh6 51. Qh8# 1-0


[Site "https://www.chess.com"]

[Event "Titled Tuesday Blitz May 4 2021"]
[White "Alexeev, Alexey"]
[Black "Bures, Vit"]
[WhiteFideId "14106663"]
[BlackFideId "309052"]
[WhiteElo "2185"]
[BlackElo "2131"]
[Result "1-0"]
[Round "06"]
[TimeControl "180+1"]
[Date "2021.05.04"]
[WhiteClock "0:00:11"]
[BlackClock "0:00:02"]

1. e4 e5 2. Nf3 Nc6 3. Bc4 Bc5 4. c3 Nf6 5. d3 O-O 6. O-O d6 7. a4 a5 8. Re1 h6 9. Nbd2 Be6 10. h3 Qd7 11. Bxe6 fxe6 12. Nc4 Rae8 13. Be3 Bxe3 14. Rxe3 Qf7 15. Qe2 b6 16. d4 exd4 17. cxd4 Qh5 18. Re1 d5 19. exd5 exd5 20. Nce5 Nxe5 21. dxe5 Ne4 22. Qb5 Qf7 23. Rd1 Nc5 24. Qe2 c6 25. Re1 Ne6 26. Qd2 Qf4 27. Rc1 Qxa4 28. Rec3 Nc5 29. Qe3 Rf4 30. g3 Re4 31. Qd2 Nb3 32. Rxb3 Qxb3 33. Rxc6 d4 34. Rd6 d3 35. Rxd3 Qb5 36. Rd7 Qb4 37. Qd5+ Kh8 38. Qf7 Rg8 39. e6 Qxb2 40. e7 Qb1+ 41. Kg2 Re1 42. Nxe1 Qxe1 43. Rd8 Qe4+ 44. Kh2 1-0


[Site "https://www.chess.com"]

[Event "Titled Tuesday Blitz May 4 2021"]
[White "Alfaro, William"]
[Black "Tarasova, Viktoriya"]
[WhiteFideId "6100457"]
[BlackFideId "4175840"]
[WhiteElo "2074"]
[BlackElo "2182"]
[Result "1-0"]
[Round "06"]
[TimeControl "180+1"]
[Date "2021.05.04"]
[WhiteClock "0:00:20"]
[BlackClock "0:00:18"]

1. d4 Nf6 2. Bf4 c5 3. c3 e6 4. e3 d5 5. Nd2 Bd6 6. Bg3 O-O 7. Bd3 b6 8. f4 Bb7 9. Ngf3 Ne4 10. Bxe4 dxe4 11. Ng5 cxd4 12. cxd4 Bb4 13. O-O Bxd2 14. Qxd2 h6 15. Nh3 f5 16. Rfc1 Nd7 17. Nf2 Rc8 18. Rxc8 Qxc8 19. Rc1 Qb8 20. Nd1 Rc8 21. Nc3 Ba6 22. h3 Bd3 23. Be1 b5 24. Nd1 Nb6 25. b3 Rxc1 26. Qxc1 Qc8 27. Qxc8+ Nxc8 28. Bb4 Nb6 29. Nc3 a6 30. Kf2 Kf7 31. Bc5 Nd7 32. Bb4 Nb8 33. g4 g6 34. Bd6 Nc6 35. b4 a5 36. a3 a4 37. Kg3 Nd8 38. h4 Nb7 39. Bc7 Bc4 40. h5 gxh5 41. gxf5 exf5 42. Kh4 Ke7 43. Kxh5 Kd7 44. Be5 Nd8 45. Kxh6 Ke6 46. Bc7 Nc6 47. Kg6 Ne7+ 48. Kg7 Nd5 49. Nxd5 Bxd5 50. Be5 Bc4 51. Kg6 Bd5 52. Kg7 Bc4 53. Kf8 Bd5 54. Ke8 Bc4 55. Kd8 Bd3 56. Kc7 Be2 57. Kb6 Bc4 58. Kc5 Ke7 59. d5 Kd7 60. Bd4 Bd3 61. Bf6 Bc4 62. Bg7 Bd3 63. Kd4 Bc4 64. Ke5 Bb3 65. Bf8 Bc4 66. Bc5 Bb3 67. d6 Be6 68. Kf6 Bc4 69. Kxf5 Bd3 70. Ke5 Bc4 71. f5 Bd3 72. Kf6 Ke8 73. Ke5 Kd7 74. f6 Ke8 75. Kf5 Bc2 76. Kg6 Bb3 77. Kg7 Be6 78. Bd4 Bd5 79. Bb6 Be6 80. Bc7 Bd5 81. Bb8 Be6 82. Ba7 Bd5 83. Bc5 Be6 84. d7+ Kxd7 85. f7 Bxf7 86. Kxf7 Kc6 87. Ke6 Kc7 88. Kd5 Kb7 89. Kxe4 Kc7 90. Ke5 Kb7 91. Kf6 Kc7 92. Ke7 Kb7 93. Kd7 Ka6 94. e4 Kb7 95. e5 Ka6 96. e6 Kb7 97. e7 Ka6 98. e8=Q Kb7 99. Qc8# 1-0


[Site "https://www.chess.com"]

[Event "Titled Tuesday Blitz May 4 2021"]
[White "Aliavdin, Nikolai"]
[Black "Onyshchuk, Volodymyr"]
[WhiteFideId "13502883"]
[BlackFideId "14114038"]
[WhiteElo "2268"]
[BlackElo "2605"]
[Result "0-1"]
[Round "06"]
[TimeControl "180+1"]
[Date "2021.05.04"]
[WhiteClock "0:00:01"]
[BlackClock "0:00:09"]

1. e4 d6 2. d4 Nf6 3. Nd2 g6 4. Ngf3 Bg7 5. c3 O-O 6. Bd3 Nc6 7. O-O e5 8. Re1 a5 9. a4 exd4 10. cxd4 Nh5 11. Nb3 Bg4 12. Be3 Re8 13. h3 Bd7 14. Qd2 Nb4 15. Bb1 b6 16. d5 c5 17. dxc6 Bxc6 18. Bd4 Nf6 19. Bxf6 Bxf6 20. Nbd4 Bd7 21. Bd3 Rc8 22. Bb5 Bxb5 23. axb5 Qd7 24. Rad1 Rc5 25. Qf4 Be5 26. Qh6 Bg7 27. Qf4 Nc2 28. Nxc2 Rxc2 29. Rxd6 Qxb5 30. e5 Qxb2 31. Rd7 Rf8 32. Ng5 Qb3 33. Ne4 Qe6 34. Rd6 Qe7 35. Nf6+ Bxf6 36. Rxf6 b5 37. h4 Rc4 38. Qg5 Qb4 39. Rf1 Rg4 40. Qe3 Rxh4 41. e6 Qe4 42. exf7+ Rxf7 43. Qb6 Rxf6 44. Qxf6 Rf4 45. Qd8+ Kg7 46. Qxa5 Qe5 47. Qd2 b4 48. g3 Rd4 49. Qc1 b3 50. Re1 b2 51. Qb1 Qb5 52. Re7+ Kf6 53. Re1 Rd2 54. Qa2 Qd5 55. Qa7 Qe6 56. Qa3 Qxe1+ 0-1


[Site "https://www.chess.com"]

[Event "Titled Tuesday Blitz May 4 2021"]
[White "Alvarez Fernandez, Enrique"]
[Black "Chitlange Sakshi"]
[WhiteFideId "2227398"]
[BlackFideId "35002899"]
[WhiteElo "2316"]
[BlackElo "1787"]
[Result "0-1"]
[Round "06"]
[TimeControl "180+1"]
[Date "2021.05.04"]
[WhiteClock "0:00:33"]
[BlackClock "0:00:31"]

1. e4 c6 2. d4 d5 3. exd5 cxd5 4. c4 Nf6 5. Nc3 Nc6 6. Nf3 Bg4 7. Be3 e6 8. Be2 dxc4 9. Bxc4 Be7 10. a3 Rc8 11. O-O O-O 12. Be2 Nd5 13. Nxd5 Qxd5 14. h3 Bf5 15. Rc1 Rfd8 16. Bc4 Qd6 17. Qe2 Bf6 18. Rfd1 Ne7 19. g4 Be4 20. g5 Rxc4 21. Rxc4 Qd5 22. Nh2 Be5 23. Ng4 Bb8 24. Rc5 Qd6 25. Re5 Bc6 26. Bf4 Ng6 27. Bg3 Nxe5 28. Nxe5 Qd5 29. f3 Bxe5 30. Bxe5 Qxf3 31. Qxf3 Bxf3 32. Rd3 Be4 33. Rb3 Rc8 34. Rc3 Rxc3 35. bxc3 Bd5 36. Kf2 h6 37. h4 hxg5 38. hxg5 Kh7 39. Ke3 Kg6 40. Bf4 f6 41. gxf6 gxf6 42. Kd3 b5 43. Bb8 a6 44. Ba7 Kf5 45. Bb8 e5 46. Ke3 Bc4 47. Bc7 Ke6 48. Bb8 Kd5 49. Bc7 Bb3 50. Bd8 Ke6 51. Bc7 Kd5 52. Bd8 f5 53. dxe5 Kxe5 54. Bc7+ Kd5 55. Kf4 Bc2 56. Be5 Kc4 57. Bd4 Kb3 58. Bc5 Kxc3 59. Bb4+ Kb3 60. Ke5 Ka4 61. Kf4 a5 62. Bc5 b4 63. axb4 axb4 64. Bxb4 Kxb4 65. Ke5 Kc4 66. Kf4 Kd4 67. Kf3 Ke5 68. Ke3 f4+ 69. Kf3 Kf5 70. Kf2 Ke4 71. Ke2 f3+ 72. Kf2 Kf4 73. Kf1 Ke3 74. Kg1 f2+ 75. Kf1 Bd3+ 76. Kg2 f1=Q+ 77. Kg3 Qg1+ 78. Kh4 Kf4 79. Kh5 Qg5# 0-1


[Site "https://www.chess.com"]

[Event "Titled Tuesday Blitz May 4 2021"]
[White "Amarasinghe, A A C B"]
[Black "Prohorov, Olexandr"]
[WhiteFideId "9901809"]
[BlackFideId "14105578"]
[WhiteElo "1778"]
[BlackElo "2100"]
[Result "1-0"]
[Round "06"]
[TimeControl "180+1"]
[Date "2021.05.04"]
[WhiteClock "0:02:02"]
[BlackClock "0:00:23"]

1. c4 c6 2. g3 d5 3. Bg2 e6 4. Nf3 f5 5. O-O Nf6 6. d4 Bd6 7. Bf4 Bxf4 8. gxf4 O-O 9. Nc3 Nbd7 10. e3 Ne4 11. Qe2 Qe7 12. Ne5 Ndf6 13. f3 Nxc3 14. bxc3 Bd7 15. Rab1 b6 16. e4 fxe4 17. fxe4 dxe4 18. Bxe4 Nxe4 19. Qxe4 c5 20. d5 exd5 21. Qxd5+ Be6 22. Qe4 Rae8 23. Rbe1 Qh4 24. Kh1 Kh8 25. Nf3 Qh3 26. Ng5 Qf5 27. Nxe6 1-0


[Site "https://www.chess.com"]

[Event "Titled Tuesday Blitz May 4 2021"]
[White "Ambrogi, Agustin"]
[Black "Araujo Filho, Luiz Antonio Coel"]
[WhiteFideId "170933"]
[BlackFideId "2130661"]
[WhiteElo "2214"]
[BlackElo "2233"]
[Result "1-0"]
[Round "06"]
[TimeControl "180+1"]
[Date "2021.05.04"]
[WhiteClock "0:00:21"]
[BlackClock "0:00:01"]

1. e4 c6 2. d4 d5 3. exd5 cxd5 4. c4 Nf6 5. Nc3 Nc6 6. Bg5 dxc4 7. Bxc4 e6 8. Nf3 Be7 9. O-O O-O 10. a3 a6 11. Rc1 b5 12. Ba2 Bb7 13. Re1 Rc8 14. Qd3 b4 15. Bb1 g6 16. Bxf6 Bxf6 17. Ne4 bxa3 18. bxa3 Be7 19. Nc5 Bxc5 20. Rxc5 Nxd4 21. Rxc8 Nxf3+ 22. Qxf3 Qxc8 23. Qf6 Qd8 24. Qb2 Qe7 25. Rc1 Rd8 26. h4 Bd5 27. h5 Qg5 28. f3 Bxf3 29. h6 Qe3+ 30. Kh2 Qxh6+ 31. Kg1 Qe3+ 32. Kh2 Bd5 33. Qf6 Be4 34. Qxd8+ Kg7 35. Qc7 Qf4+ 36. Qxf4 1-0


[Site "https://www.chess.com"]